 Dungeon Crawl Stone Soup version 0.27-a0-1612-gde56a17b89 (webtiles) character file.

Game seed: 5598037837282269967

74 night the Conjurer (level 4, -13/33 HPs)
             Began as a Draconian Conjurer on July 21, 2021.
             Mangled by Crazy Yiuf (14 damage)
             ... on level 2 of the Dungeon.
             The game lasted 00:02:57 (2751 turns).

night the Conjurer (Draconian Conjurer)             Turns: 2751, Time: 00:02:58

Health: -13/33     AC:  5    Str:  9    XL:     4   Next: 10%
Magic:  3/8        EV: 12    Int: 20    God:
Gold:   121        SH:  0    Dex:  9    Spells: 2/9 levels left

rFire    . . .     SeeInvis .   b - +0 hand axe
rCold    . . .     Faith    .   (no shield)
rNeg     . . .     Spirit   .   (armour unavailable)
rPois    .         Reflect  .   (helmet restricted)
rElec    .         Harm     .   (no cloak)
rCorr    .         Rampage  .   (no gloves)
Will     .....                  (no boots)
Stlth    ++........             (no amulet)
HPRegen  0.11/turn              (no ring)
MPRegen  0.11/turn              (no ring)

@: slowed, very slow
A: AC +5, unfitting armour, cold-blooded
a: no special abilities


You were on level 2 of the Dungeon.
You visited 1 branch of the dungeon, and saw 2 of its levels.

You collected 121 gold pieces.

Inventory:

Hand Weapons
 b - a +0 hand axe (weapon)
 g - a +0 falchion
Missiles
 f - 2 curare-tipped darts
Scrolls
 a - a scroll of blinking {unknown}
 c - 2 scrolls of identify {unknown}
 i - 2 scrolls of amnesia {unknown}
Potions
 d - a potion of haste {unknown}
 e - a potion of might {unknown}
 h - 2 potions of degeneration {unknown}
 j - 2 potions of magic {unknown}


   Skills:
 - Level 1.7 Dodging
 - Level 1.7 Stealth
 + Level 3.2 Spellcasting
 + Level 4.9 Conjurations


You had 2 spell levels left.
You knew the following spells:

 Your Spells              Type           Power      Damage    Failure   Level
a - Magic Dart            Conj           88%        1d7       1%          1
b - Searing Ray           Conj           44%        3d4       2%          2
c - Iskenderun's Mystic   Conj/Tloc      13%        2d5       45%         4

Your spell library contained the following spells:

 Spells                   Type           Power      Damage    Failure   Level
 Dazzling Flash           Conj/Hex       26%        N/A       16%         3
 Fulminant Prism          Conj/Hex       6%         3d7       45%         4


Dungeon Overview and Level Annotations

Branches:
Dungeon (2/15)

Altars:

Annotations:
D:2 Crazy Yiuf


Innate Abilities, Weirdness & Mutations

Your plain brown scales are hard. (AC +5)
You cannot fit into any form of body armour.
You are cold-blooded and may be slowed by cold attacks.


Message History

You kill the ball python!
A frilled lizard comes into view.
Casting: Magic Dart (safe; 1% risk of failure)
Confirm with . or Enter, or press ? or * to list all spells.
Aiming: Magic Dart (safe; 1% risk of failure)
Press: ? - help, Shift-Dir - straight line, f - frilled lizard
Aim: a frilled lizard (asleep, 100% to hit)
The magic dart hits the frilled lizard!
You kill the frilled lizard!
Found a mace.
Found a mace.
You see here a +0 mace.
Found a mace.
Found a runed translucent door.
Crazy Yiuf shouts!
You open the door.
Casting: Magic Dart (safe; 1% risk of failure)
Confirm with . or Enter, or press ? or * to list all spells.
Aiming: Searing Ray (safe; 2% risk of failure)
Press: ? - help, Shift-Dir - straight line, f - Crazy Yiuf
Aim: Crazy Yiuf, wielding a +4 quarterstaff of chaos and wearing a +1 cloak of preservation (81% to hit)
The searing ray hits Crazy Yiuf.
Crazy Yiuf is moderately wounded. (Press . to maintain the ray.) Crazy Yiuf laughs, "Cod!"
Crazy Yiuf closely misses you.
The searing ray hits Crazy Yiuf!
Crazy Yiuf is severely wounded.
Crazy Yiuf hits you with a +4 quarterstaff of chaos!
Crazy Yiuf draws strength from your wounds!
The searing ray hits Crazy Yiuf.
Crazy Yiuf is heavily wounded.
Crazy Yiuf hits you with a +4 quarterstaff of chaos!
* * * LOW HITPOINT WARNING * * *
You feel yourself slow down. Crazy Yiuf freezes you.
* * * LOW HITPOINT WARNING * * *
The searing ray hits Crazy Yiuf.
Crazy Yiuf is severely wounded.
You finish channeling your searing ray.
Crazy Yiuf hits you with a +4 quarterstaff of chaos!
You die...

.#####.##.####....####.....######
.......##.## #+..+# #####.#
.........).# ♣....♣ #####.#
..>..†.....# ♣..)♣♣ #..)..######
#########..# ♣♣.♣♣ #...........
#### ♣.♣♣ ############ ♣♣.♣ ♣.♣♣
♣♣@♣ #g# ... #### #...# #######
#... #..)# #.....# #.## #####
#####.# #.# #.###.## ### #.##....
#.######.....##


You could see Crazy Yiuf.

Vanquished Creatures
  3 gnolls
  A dart slug (D:1)
  3 ball pythons
  2 bats
  2 endoplasms
  3 giant cockroaches (D:1)
  2 goblins (D:1)
  8 hobgoblins
  3 kobolds
  A quokka (D:1)
  2 frilled lizards
  12 rats
42 creatures vanquished.

Notes
Turn   | Place    | Note
-------+----------+-------------------------------------------
     0 | D:1      | night the Draconian Conjurer began the quest for the Orb.
     0 | D:1      | Reached XP level 1. HP: 14/14 MP: 3/3
   377 | D:1      | Reached XP level 2. HP: 20/20 MP: 0/5
   484 | D:1      | Found a faded altar of an unknown god.
  1286 | D:1      | Learned a level 2 spell: Searing Ray
  1375 | D:1      | HP: 2/20 [gnoll (4)]
  1388 | D:1      | HP: 1/20 [giant cockroach (1)]
  1395 | D:1      | Reached XP level 3. HP: 1/26 MP: 1/7
  2437 | D:2      | Reached XP level 4. HP: 33/33 MP: 8/8
  2442 | D:2      | Learned a level 4 spell: Iskenderun's Mystic Blast
  2743 | D:2      | Found a runed translucent door.
  2744 | D:2      | Noticed Crazy Yiuf
  2750 | D:2      | HP: 1/33 [Crazy Yiuf (4)]
  2751 | D:2      | Mangled by Crazy Yiuf

Illustrated notes

Levels and vault maps discovered:
D:1:      roderic_chinese_lattice_arrival, layout_basic,
          dreamdust_ecumenical_altar_grove
D:2:      layout_loops_ring, minmay_rat_gold_closets, uniq_crazy_yiuf_cottage

Skill      XL: |  1  2  3 |
---------------+----------+-----
Spellcasting   | 3 |  3.2
Dodging        | |  1.7
Stealth        | |  1.7
Conjurations   | |  4.9

Action                   |  1- 3 |  4- 6 || total
-------------------------+-------+-------++-------
Melee: Hand axe          |    34 |     1 ||    35
       Tailslap          |     1 |       ||     1
 Cast: Magic Dart        |    48 |    10 ||    58
       Searing Ray       |     4 |     1 ||     5
 Stab: Sleeping          |     1 |       ||     1
Armor: Skin              |    11 |       ||    11
Dodge: Dodged            |    26 |     2 ||    28

Table legend: (Time is in decaauts)
 A = Elapsed time spent in this place.
 B = Non-inter-level travel time spent in this place.
 C = Inter-level travel time spent in this place.
 D = Time resting spent in this place.
 E = Time spent auto-exploring this place.
 F = Levels seen in this place.
 G = Mean time per level.
                   A        B        C        D        E       F      G
               +--------+--------+--------+--------+--------+-----+--------+
         Total |   2764 |   2706 |     58 |    656 |   1789 |   2 | 1382.0 |
       Dungeon |   2764 |   2706 |     58 |    656 |   1789 |   2 | 1382.0 |
               +--------+--------+--------+--------+--------+-----+--------+

Top non-repeatable levels by time:
     D:1: 1738 daAuts
     D:2: 1026 daAuts
